 Dungeon Crawl Stone Soup version 0.24.0-125-gc4c63601f3 (webtiles) character file.

Game seed: 5037911300518272639, levelgen mode: deterministic

410 lepoulpe303 the Grave Robber (level 6, 0/43 HPs)
             Began as a Demonspawn Necromancer on Mar 7, 2020.
             Killed by nerve-wracking pain
             ... invoked by Grinder
              (8 damage)
             ... on level 5 of the Dungeon.
             The game lasted 00:19:05 (5719 turns).

lepoulpe303 the Grave Robber (DsNe)                 Turns: 5719, Time: 00:19:05

Health: 0/43       AC:  3    Str:  9    XL:     6   Next: 58%
Magic:  8/11       EV: 13    Int: 18    God:
Gold:   230        SH:  6    Dex: 13    Spells: 0/12 levels left

rFire    . . .     SeeInvis .   b - +2 hunting sling (velocity)
rCold    . . .     Gourm    .   (no shield)
rNeg     . . .     Faith    .   c - +0 robe
rPois    .         Spirit   .   (no helmet)
rElec    .         Reflect  .   (no cloak)
rCorr    .         Harm     .   h - +0 pair of gloves
MR       .....                  (no boots)
Stlth    ++........             (no amulet)
HPRegen  0.14/turn              (no ring)
MPRegen  0.12/turn              (no ring)

@: no status effects
A: large bone plates 2, spiny 1
a: no special abilities


You were on level 5 of the Dungeon.
You were not hungry.

You visited 1 branch of the dungeon, and saw 5 of its levels.

You collected 230 gold pieces.

Inventory:

Hand Weapons
 a - a +0 short sword
 b - a +2 hunting sling of velocity (weapon)
Missiles
 v - 8 atropa-tipped darts
 w - 13 poisoned darts
 Q - 63 stones (quivered)
Armour
 c - a +0 robe (worn)
 h - a +0 pair of gloves (worn)
Jewellery
 k - a +4 ring of evasion {unknown}
 l - a +3 ring of dexterity {unknown}
Wands
 n - a wand of flame (20)
Scrolls
 d - a scroll of teleportation {unknown}
 f - 4 scrolls of remove curse {unknown}
 g - 3 scrolls of enchant weapon {unknown}
 i - 6 scrolls of identify
 o - a scroll of magic mapping {unknown}
 q - a scroll of fog {unknown}
 t - a scroll of immolation {unknown}
 y - a scroll of amnesia {unknown}
Potions
 j - 3 potions of haste {unknown}
 m - a potion of ambrosia {unknown}
 r - a potion of invisibility {unknown}
 s - a potion of mutation {unknown}
 u - 4 potions of agility {unknown}
 x - 2 potions of heal wounds {unknown}
 z - 2 potions of flight {unknown}
 A - 2 potions of curing {unknown}
Comestibles
 e - 14 rations
 p - 3 chunks of flesh


   Skills:
 + Level 1.0 Fighting
 + Level 3.2 Dodging
 * Level 3.7 Stealth
 * Level 3.7 Spellcasting
 * Level 5.7 Necromancy


You couldn't memorise any spells.
You knew the following spells:

 Your Spells              Type           Power        Failure   Level  Hunger
a - Pain                  Necr           ###.         1%          1    None
b - Animate Dead          Necr           N/A          14%         4    ####...
r - Regeneration          Chrm/Necr      ##........   14%         3    ###....
x - Vampiric Draining     Necr           ###.......   4%          3    ###....
A - Animate Skeleton      Necr           N/A          1%          1    None

Your spell library contained the following spells:

 Spells                   Type           Power        Failure   Level  Hunger
 Apportation              Tloc           #.....       16%         1    None
 Confusing Touch          Hex            #.....       16%         1    None
 Summon Small Mammal      Summ           #...         16%         1    None
 Call Imp                 Summ           #.......     22%         2    ##.....
 Call Canine Familiar     Summ           #.......     41%         3    ###....
 Summon Guardian Golem    Hex/Summ       #.......     41%         3    ###....
 Summon Ice Beast         Ice/Summ       #.......     83%         4    ####...
 Summon Lightning Spire   Summ/Air       #.......     83%         4    ####...


Dungeon Overview and Level Annotations

Branches:
Dungeon (5/15)
 Temple: D:4-7

Altars:
Dithmenos

Annotations:
D:5 Grinder


Innate Abilities, Weirdness & Mutations

You are mostly covered in large bone plates. (SH +6)
You are partially covered in sharp spines.


Message History

You shoot a stone. The stone hits Grinder.
Grinder gestures at you. Pain shoots through your body!
* * * LOW HITPOINT WARNING * * *
You take 1 damage, and have 18/43 hp.
Firing (i - inventory)
Q - 65 stones (quivered)
Aim: Grinder (severely wounded)
You shoot a stone. The stone closely misses Grinder.
Grinder gestures at you. Pain shoots through your body!
* * * LOW HITPOINT WARNING * * *
You take 10 damage, and have 8/43 hp.
MASSIVE DAMAGE!!
Firing (i - inventory)
Q - 64 stones (quivered)
Aim: Grinder (severely wounded)
You shoot a stone.
The stone hits Grinder but does no damage.
Grinder gestures at you. Pain shoots through your body!
You die...

############.
####....((....((
######>.....@(.(5(((.
#.........#########(.
#.####.#######
#.#.#........#
#.#....#####.#
#.#........#.#
#.####..##.#.# #.#
#....<..# #.#
#.#######


You could see Grinder.

Levels and vault maps discovered:
D:1:      dpeg_arrival_concentric_ovals, layout_basic, minmay_tetromino_t4
D:2:      layout_basic, chequers_ecumenical_altar_simple_redux, first_ration,
          uniq_jessica
D:3:      layout_basic, grunt_dithmenos_smoke_and_mirrors, corexii_shack,
          kennysheep_generic_room_8
D:4:      layout_loops_ring, kennysheep_opposing_triangles
D:5:      layout_basic, minmay_temple_entry_hall, uniq_grinder

Notes
Turn   | Place    | Note
-------+----------+-------------------------------------------
     0 | D:1      | lepoulpe303 the Demonspawn Necromancer began the quest for
                  | the Orb.
     0 | D:1      | Reached XP level 1. HP: 13/13 MP: 3/3
    68 | D:1      | Identified a +0 dagger
   536 | D:1      | HP: 2/13 [hobgoblin (4)]
   579 | D:1      | Reached skill level 2 in Stealth
   581 | D:1      | Reached skill level 2 in Dodging
   581 | D:1      | Gained mutation: You are partially covered in large bone
                  | plates. (SH +4) [demonic ancestry]
   581 | D:1      | Reached XP level 2. HP: 3/19 MP: 0/5
   584 | D:1      | Learned a level 1 spell: Animate Skeleton
   955 | D:1      | Identified a +0 pair of gloves (You found it on level 1 of
                  | the Dungeon)
  1082 | D:1      | Identified a +0 club
  1461 | D:1      | Identified a cursed -1 club
  1526 | D:1      | Identified a +0 dagger
  1725 | D:1      | Identified a +0 short sword (You found it on level 1 of the
                  | Dungeon)
  2061 | D:1      | Identified 3 scrolls of identify
  2061 | D:1      | Identified a +2 hunting sling of velocity (You found it on
                  | level 1 of the Dungeon)
  2253 | D:2      | Reached XP level 3. HP: 24/24 MP: 6/6
  2360 | D:2      | Learned a level 3 spell: Vampiric Draining
  2364 | D:2      | Identified a +2 club
  2364 | D:2      | Identified a +0 robe
  2364 | D:2      | Noticed Jessica
  2370 | D:2      | Killed Jessica
  2370 | D:2      | Reached XP level 4. HP: 22/30 MP: 2/8
  2578 | D:2      | Reached skill level 5 in Necromancy
  2583 | D:2      | Learned a level 3 spell: Regeneration
  2697 | D:2      | lepoulpe303: !whichgod dsne
  2697 | D:2      | meem: 47 recent wins for dsne: 19x Kikubaaqudgha, 4x
                  | Vehumet, 3x Hepliaklqana, 3x Nemelex Xobeh, 2x Okawaru, 2x
                  | Cheibriados, 2x Dithmenos, 2x Gozag, 2x Ashenzari, 2x Xom,
                  | Wu Jian, Uskayaw, Fedhas, Ru, Trog, Yredelemnul
  2697 | D:2      | lepoulpe303: za
  2756 | D:2      | Found a faded altar of an unknown god.
  2809 | D:2      | Identified a +0 club
  2810 | D:2      | Identified a +0 spear
  2823 | D:2      | HP: 5/30 [gnoll/+0 spear (6)]
  3405 | D:3      | Found a shadowy altar of Dithmenos.
  3411 | D:3      | Reached skill level 3 in Stealth
  3411 | D:3      | Reached skill level 3 in Spellcasting
  3411 | D:3      | Gained mutation: You are mostly covered in large bone
                  | plates. (SH +6) [demonic ancestry]
  3411 | D:3      | Reached XP level 5. HP: 35/35 MP: 9/9
  3489 | D:3      | Identified a +0 club
  3493 | D:3      | Identified a cursed +0 falchion
  3493 | D:3      | Identified a +0 ring mail
  3499 | D:3      | Identified a +0 whip
  3501 | D:3      | Identified a +0 dagger
  4031 | D:3      | Identified a cursed -2 club
  4263 | D:4      | Reached skill level 3 in Dodging
  4329 | D:4      | Identified a +0 short sword
  4329 | D:4      | Identified a +0 dagger
  4329 | D:4      | Identified a +0 robe
  4338 | D:4      | Identified a +0 whip
  4338 | D:4      | Identified a +0 ring mail
  4445 | D:4      | Identified a +0 dagger
  4445 | D:4      | Identified a +0 robe
  4445 | D:4      | Identified a +0 dagger
  4445 | D:4      | Identified a +0 short sword
  4445 | D:4      | Identified a +0 leather armour
  4445 | D:4      | Identified a +0 dagger
  4445 | D:4      | Identified a +0 robe
  4445 | D:4      | Identified a +0 short sword
  4445 | D:4      | Identified a +0 chain mail
  4702 | D:4      | Gained mutation: You are partially covered in sharp spines.
                  | [demonic ancestry]
  4702 | D:4      | Reached XP level 6. HP: 29/42 MP: 3/11
  4900 | D:4      | Learned a level 4 spell: Animate Dead
  5414 | D:5      | Entered Level 5 of the Dungeon
  5439 | D:5      | Reached skill level 1 in Fighting
  5686 | D:5      | Noticed Grinder
  5712 | D:5      | Paralysed by Grinder for 5 turns
  5718 | D:5      | HP: 8/43 [Grinder/nerve-wracking pain (10)]
  5719 | D:5      | Killed from afar by Grinder

Table legend:
 A = Turns spent in this place as a percentage of turns spent in the entire game.
 B = Non-inter-level travel turns spent in this place as a percentage of non-inter-level travel turns spent in the entire game.
 C = Inter-level travel turns spent in this place as a percentage of turns spent in this place.
 D = Turns resting spent in this place as a percentage of non-inter-level travel turns spent in this place.
 E = Turns spent auto-exploring this place as a percentage of non-inter-level travel turns spent in this place.
 F = Non-inter-level travel turns spent in this place divided by the number of levels of this place that you've seen.
                   A       B       C       D       E      F
               +-------+-------+-------+-------+-------+----------------------
         Total | 100.0 | 100.0 |   4.5 |  30.8 |  54.1 | 1092.6
       Dungeon | 100.0 | 100.0 |   4.5 |  30.8 |  54.1 | 1092.6
               +-------+-------+-------+-------+-------+----------------------

Table legend:
 A = Kills in this place as a percentage of kills in entire the game.
 B = Kills by you in this place as a percentage of kills by you in the entire game.
 C = Kills by friends in this place as a percentage of kills by friends in the entire game.
 D = Other kills in this place as a percentage of other kills in the entire game.
 E = Experience gained in this place as a percentage of experience gained in the entire game.
 F = Experience gained in this place divided by the number of levels of this place that you have seen.
                   A       B       C       D       E      F
               +-------+-------+-------+-------+-------+----------------------
         Total | 100.0 | 100.0 | 100.0 |   N/A | 100.0 | 117.2
       Dungeon | 100.0 | 100.0 | 100.0 |   N/A | 100.0 | 117.2
               +-------+-------+-------+-------+-------+----------------------

Skill      XL: |  1  2  3  4  5  6 |
---------------+-------------------+-----
Stealth        | 2 3 |  3.7
Dodging        | 2 3 |  3.2
Necromancy     | 5 |  5.7
Spellcasting   | 3 |  3.7
Fighting       | 1 |  1.0

Action                   |  1- 3 |  4- 6 || total
-------------------------+-------+-------++-------
Melee: Dagger            |    59 |       ||    59
       Short sword       |     9 |       ||     9
       Hunting sling     |       |     1 ||     1
 Fire: Hunting sling     |    13 |   115 ||   128
 Cast: Pain              |    29 |    52 ||    81
       Animate Skeleton  |     7 |     6 ||    13
       Vampiric Draining |       |     3 ||     3
       Animate Dead      |       |     1 ||     1
  Use: Scroll            |     1 |       ||     1
 Stab: Sleeping          |     2 |       ||     2
  Eat: Chunk             |     5 |     8 ||    13
       Ration            |       |     1 ||     1
Armor: Robe              |    26 |     9 ||    35
Dodge: Dodged            |    59 |    30 ||    89
Block: Other             |    10 |    12 ||    22

Vanquished Creatures
  A jelly (D:3)
  2 hounds
  3 orc wizards (D:4)
  Jessica (D:2)
  A worker ant (D:5)
  A hound skeleton (D:4)
  3 gnolls (D:2)
  5 adders
  3 worms
  A dart slug (D:1)
  3 leopard geckos
  11 orcs
  7 bats
  5 hobgoblins
  4 jackals (D:4)
  5 kobolds
  2 quokkas
  A ball python (D:3)
  7 frilled lizards
  5 goblins
  10 rats
81 creatures vanquished.

Vanquished Creatures (collateral kills)
  A bat (D:1)
  A hobgoblin (D:1)
  A frilled lizard (D:1)
  A leopard gecko skeleton (D:5)
4 creatures vanquished.

Grand Total: 85 creatures vanquished
